Map: Odyssey LE

Players

Braunbär

  • Race: Zerg Zerg
  • League: Master
  • Spawn Location: 5:00

Max

  • Race: Zerg Zerg
  • Spawn Location: 11:00

Spalium

  • Race: Terran Terran
  • League: Master

ZblZgamer

  • Race: Terran Terran

VOD

Have the link to the VOD?

Description

Time

  • Played on: Jan. 6, 2018, 10:04 a.m.
  • Length: 12:55
Show
View Real Time Build Order
Export as new Build Order

Braunbär Zerg 

Build Orders: Hatch First 

Get SALT Encoding   

  12  0:00  Drone  
  13  0:43  Overlord  
  13  0:48  Drone  
  14  0:54  Hatchery  
  14  0:56  Drone  
  14  1:04  Spawning Pool  
  13  1:10  Drone  
  15  1:11  Drone  
  15  1:22  Drone  
  16  1:30  Overlord  
  16  1:51  Queen  
  16  1:52  Zergling x4  
  20  1:57  Extractor  
  19  2:01  Drone  
  19  2:05  Queen  
  19  2:06  Drone  
  23  2:10  Drone  
  24  2:21  Drone  
  25  2:24  Drone  
  25  2:26  Queen  
  28  2:37  Drone x2  
  30  2:49  Drone x3  
  33  2:56  Drone  
  34  3:02  Drone  
  34  3:03  Drone  
  36  3:08  Metabolic Boost  
  36  3:09  Overlord  
  36  3:13  Evolution Chamber  
  36  3:18  Drone  
  35  3:24  Drone  
  36  3:28  Drone x2  
  36  3:29  Drone  
  39  3:35  Drone x3  
  39  3:36  Zergling x4  
  39  3:41  Zerg Melee Weapons Level 1  
  44  3:43  Overlord  
  44  3:47  Extractor  
  43  3:51  Drone  
  44  3:58  Overlord  
  44  4:04  Queen  
  44  4:05  Drone x3  
  44  4:09  Hatchery  
  48  4:14  Drone  
  48  4:15  Drone x2  
  51  4:17  Zergling x4  
  51  4:21  Evolution Chamber  
  51  4:23  Drone x2  
  54  4:27  Zergling x4  
  54  4:29  Zergling x2  
  56  4:35  Lair  
  56  4:37  Overlord  
  56  4:41  Queen  
  58  4:49  Overlord  
  58  4:51  Zergling x2  
  58  4:52  Spine Crawler  
  58  4:57  Spine Crawler  
  57  5:03  Zergling x10  
  57  5:04  Overlord  
  62  5:14  Zerg Ground Armor Level 1  
  62  5:15  Drone x2  
  62  5:16  Drone x2  
  66  5:23  Zergling x8  
  70  5:34  Hydralisk Den  
  70  5:35  Zergling x6  
  72  5:37  Drone  
  72  5:41  Queen  
  75  5:42  Queen  
  75  5:48  Overseer  
  77  5:51  Drone  
  77  5:54  Drone x3  
  77  5:55  Extractor  
  77  5:56  Overlord  
  80  6:02  Drone x3  
  80  6:03  Drone x3  
  86  6:05  Zerg Melee Weapons Level 2  
  86  6:16  Zergling x6  
  86  6:17  Zergling x4  
  91  6:21  Drone x3, Infestation Pit  
  91  6:24  Extractor  
  92  6:26  Drone x3  
  92  6:30  Drone x3  
  98  6:39  Overlord  
  96  6:45  Zergling x2  
  96  6:46  Zergling x2  
  98  6:48  Muscular Augments  
  98  6:50  Overlord x2  
  98  6:53  Overlord  
  98  6:56  Hydralisk  
  98  6:57  Hydralisk x3  
  106  7:02  Overlord  
  106  7:07  Hydralisk  
  106  7:08  Hydralisk x2  
  110  7:09  Extractor  
  110  7:10  Extractor  
  110  7:11  Drone x3  
  113  7:18  Hatchery  
  112  7:23  Hive  
  112  7:24  Drone x2  
  112  7:25  Drone  
  114  7:41  Zergling x12  
  114  7:42  Zergling x10  
  114  7:43  Hydralisk  
  114  7:44  Hydralisk  
  116  7:45  Hydralisk  
  116  7:49  Hydralisk  
  116  7:51  Burrow  
  122  7:57  Hydralisk x2  
  126  7:59  Overlord  
  126  8:05  Drone x3  
  129  8:14  Drone, Zerg Ground Armor Level 2  
  129  8:15  Drone  
  131  8:20  Drone  
  131  8:24  Zerg Missile Weapons Level 1  
  132  8:32  Drone x4  
  136  8:35  Drone x3  
  139  8:45  Drone x3  
  142  8:53  Ultralisk Cavern  
  142  8:54  Drone x3  
  144  8:56  Nydus Network  
  144  8:59  Drone x5  
  144  9:00  Drone  
  144  9:01  Extractor  
  148  9:04  Extractor  
  147  9:14  Overlord x5  
  147  9:15  Overlord  
  147  9:20  Drone x2  
  149  9:39  Chitinous Plating  
  149  9:40  Ultralisk x2  
  149  9:41  Ultralisk x2  
  173  9:50  Overlord  
  173  9:57  Queen  
  175  10:05  Hatchery  
  163  10:22  Ultralisk x2  
  175  10:32  Hatchery  
  166  10:43  Overlord x2  
  166  10:46  Overseer  
  166  10:48  Pneumatized Carapace  
  166  10:49  Ultralisk x4  
  190  10:57  Ultralisk  
  196  11:22  Overlord  
  196  11:31  Ultralisk  
  196  11:37  Hatchery  
  195  11:45  Overlord  
  195  11:46  Extractor  
  194  11:47  Overseer  
  194  11:56  Overseer  
  194  12:03  Hydralisk x2  
  194  12:04  Hydralisk x2  
  194  12:06  Ultralisk  
  199  12:19  Nydus Canal  
Show
View Real Time Build Order
Export as new Build Order

Max Zerg 

Build Orders:  

Get SALT Encoding   

  12  0:01  SCV  
  13  0:13  Refinery  
  13  0:16  SCV  
  14  0:25  Supply Depot  
  14  0:29  SCV  
  15  0:46  SCV  
  16  0:50  Barracks  
  16  0:58  SCV  
  17  1:06  Barracks  
  17  1:11  SCV  
  18  1:23  SCV  
  19  1:29  Engineering Bay  
  19  1:37  Reaper  
  19  1:39  Orbital Command  
  20  1:54  Reaper  
  21  2:14  Supply Depot  
  21  2:15  Barracks Tech Lab  
  21  2:37  Supply Depot  
  21  2:43  Barracks Reactor  
  21  2:49  Marauder  
  23  2:55  Concussive Shells  
  23  3:09  Supply Depot  
  23  3:13  Marauder  
  25  3:20  Marine x2  
  25  3:24  SCV, Refinery  
  27  3:32  Barracks  
  27  3:36  SCV  
  27  3:37  Marine  
  27  3:40  Marauder  
  30  3:41  Marine  
  31  3:55  Marine  
  31  3:59  Marine  
  31  4:02  Marauder  
  35  4:10  Factory  
  35  4:13  Marine  
  36  4:29  Supply Depot  
  36  4:31  SCV  
  37  4:37  Marine x2  
  41  4:38  Marauder  
  41  4:41  Barracks Reactor  
  41  4:43  Barracks Tech Lab, SCV  
  42  4:55  Marine  
  42  4:58  Command Center  
  43  5:00  Bunker  
  43  5:02  Marine  
  43  5:03  Supply Depot  
  43  5:04  Marauder x2  
  48  5:08  Factory Tech Lab  
  48  5:12  Marine  
  49  5:20  Marine  
  50  5:25  Marauder x2  
  50  5:28  SCV  
  55  5:30  Marine  
  55  5:31  Combat Shields, Bunker  
  56  5:37  Marine  
  56  5:38  Supply Depot  
  56  5:40  SCV  
  58  5:47  Marauder  
  62  5:50  Marauder  
  62  5:52  SCV  
  63  5:59  Marine  
  63  6:01  Supply Depot  
  64  6:04  SCV  
  64  6:08  Marine x2  
  69  6:11  Marauder  
  69  6:27  Marauder, Marine  
  69  6:28  Marine  
  69  6:32  Marine  
  74  6:33  Orbital Command  
  74  6:39  SCV  
  75  6:45  Marine  
  76  6:48  Marauder  
  76  6:49  Marine  
  76  6:50  Marauder  
  81  6:56  Supply Depot  
  81  7:09  Marauder  
  83  7:17  Refinery  
  83  7:27  Supply Depot  
  83  7:28  Marauder, Marine x2  
  87  7:31  Marauder  
  83  7:46  Marine x2  
  83  7:48  Missile Turret  
  74  7:51  Marauder  
  74  7:52  Marauder  
  53  8:04  Marine x2  
  55  8:12  Bunker  
  55  8:13  Marauder  
  55  8:14  Marauder  
  55  8:15  Siege Tank  
  55  8:17  SCV  
  63  8:22  Marine x2  
  63  8:29  SCV  
  64  8:34  Marauder, Marine  
  64  8:37  Supply Depot  
  67  8:45  Missile Turret  
  67  8:48  Hellion  
  69  8:50  SCV  
  70  8:59  Supply Depot, Unknown  
  70  9:02  SCV  
  71  9:09  Hellion  
  73  9:31  Hellion  
  76  9:32  Marauder  
  76  9:33  Marine x2  
  76  9:36  Marauder  
  81  9:51  Marine x2  
  81  9:52  Hellion, Starport  
  85  9:54  Marauder  
  85  9:56  SCV  
  85  9:58  Marauder  
  90  10:02  Supply Depot  
  90  10:08  SCV  
  90  10:13  Siege Tank  
  94  10:15  Marauder  
  94  10:19  Marauder  
  94  10:20  SCV  
  94  10:28  Unknown  
  94  10:33  SCV  
  95  10:36  Marauder  
  95  10:41  Marauder  
  72  10:45  Hellion  
  70  10:58  Marauder  
  70  10:59  Marine  
  70  11:00  Marine  
  70  11:02  Marauder  
  76  11:07  Hellion  
  76  11:09  Viking  
  80  11:17  Marine x2  
  82  11:19  Marauder, Starport  
  82  11:20  Supply Depot  
  82  11:23  Marauder  
  86  11:28  Siege Tank  
  89  11:35  Marine x2  
  89  11:39  Viking  
  93  11:40  Marine  
  93  11:45  Marauder  
  96  11:51  Missile Turret  
  96  11:53  Marine x2  
  98  12:00  Hellion  
  100  12:06  Marauder  
  66  12:15  Starport Tech Lab  
  66  12:17  Starport Tech Lab  
  66  12:22  Hellion  
  68  12:34  Missile Turret  
Show
View Real Time Build Order
Export as new Build Order

Spalium Terran 

Build Orders:  

Get SALT Encoding   

Show
View Real Time Build Order
Export as new Build Order

ZblZgamer Terran 

Build Orders:  

Get SALT Encoding   

Tags
 
Add a new tag
Caveats
  • Supply blocks, unpowered buildings, or Contaminate may cause inaccurate times.
  • Supply counts are checked every 10 seconds.